Map: Frost LE

Players

Rezym

  • Race: Zerg Zerg
  • League: Diamond

DJHelium - Winner!

  • Race: Terran Terran

VOD

Have the link to the VOD?

Description

Time

  • Played on: June 20, 2016, 5:07 a.m.
  • Length: 10:39
Show
View Real Time Build Order
Export as new Build Order

Rezym Zerg 

Build Orders: Hatch First, Muta Ling Bane 

Get SALT Encoding   

  12  0:01  Drone  
  13  0:14  Overlord  
  13  0:18  Drone  
  14  0:32  Drone  
  14  0:33  Drone  
  16  0:37  Drone  
  17  0:54  Hatchery  
  17  0:56  Drone  
  17  0:59  Drone  
  18  1:10  Extractor  
  17  1:14  Spawning Pool  
  17  1:18  Drone  
  17  1:26  Drone  
  17  1:30  Drone  
  19  1:41  Overlord  
  19  2:04  Queen  
  19  2:05  Zergling x4  
  19  2:06  Queen  
  19  2:07  Drone  
  26  2:13  Drone  
  26  2:15  Metabolic Boost  
  27  2:18  Drone  
  28  2:25  Drone  
  28  2:28  Drone  
  30  2:35  Drone  
  31  2:38  Drone  
  31  2:40  Queen  
  31  2:43  Spine Crawler  
  33  2:52  Drone x2  
  33  2:54  Pneumatized Carapace  
  36  3:00  Overlord  
  36  3:05  Extractor, Drone  
  36  3:06  Extractor  
  36  3:08  Drone  
  38  3:20  Drone x4  
  38  3:21  Drone x2  
  44  3:54  Lair  
  43  3:56  Extractor  
  43  3:57  Overlord, Extractor, Drone  
  43  4:02  Overlord  
  42  4:03  Drone  
  43  4:15  Hatchery, Drone  
  43  4:16  Zergling x12  
  49  4:22  Drone  
  50  4:25  Drone x3  
  50  4:26  Drone  
  50  4:30  Drone x3  
  57  4:31  Drone  
  57  4:33  Extractor  
  57  4:42  Zergling x4  
  59  4:49  Spore Crawler  
  58  4:53  Baneling Nest  
  58  4:54  Spire, Zergling x2  
  58  4:55  Zergling x6  
  58  4:56  Spine Crawler  
  59  5:01  Zergling x2  
  60  5:15  Overlord  
  60  5:20  Spine Crawler  
  48  5:38  Zergling x6  
  48  5:39  Zergling x18  
  46  5:50  Zergling x4  
  46  5:51  Zergling x2  
  43  5:57  Zergling x2  
  36  6:04  Zergling x2  
  36  6:05  Zergling x4  
  32  6:15  Zergling x6  
  27  6:20  Drone  
  28  6:27  Drone x2  
  30  6:34  Drone x2  
  30  6:36  Drone  
  33  6:44  Drone x2  
  33  6:45  Drone  
  36  6:53  Drone  
  37  6:54  Drone  
  37  6:56  Drone  
  37  6:58  Queen  
  41  7:05  Drone x4  
  41  7:06  Drone  
  46  7:10  Drone  
  46  7:14  Drone  
  48  7:19  Mutalisk  
  50  7:25  Drone  
  50  7:26  Drone  
  50  7:27  Drone  
  53  7:31  Mutalisk  
  53  7:36  Mutalisk  
  55  7:40  Mutalisk  
  59  7:44  Mutalisk  
  59  7:48  Drone  
  59  7:49  Drone  
  63  7:52  Drone x2  
  63  7:55  Baneling x2  
  63  7:57  Drone  
  66  8:01  Drone x2  
  66  8:02  Drone  
  69  8:06  Drone x2  
  69  8:09  Mutalisk  
  73  8:14  Drone  
  73  8:17  Overlord  
  73  8:19  Centrifical Hooks  
  74  8:23  Overlord  
  74  8:31  Overlord  
  74  8:32  Overlord  
  74  8:35  Zergling x8  
  74  8:36  Zergling x2  
  74  8:41  Zergling x6  
  82  8:44  Overlord  
  82  8:53  Mutalisk x3  
  82  8:54  Mutalisk  
  90  8:57  Mutalisk  
  90  9:00  Mutalisk  
  90  9:02  Mutalisk  
  94  9:06  Mutalisk  
  94  9:09  Baneling x5  
  98  9:11  Zergling x2  
  98  9:13  Drone  
  98  9:14  Drone  
  98  9:15  Drone  
  102  9:18  Corruptor  
  102  9:23  Corruptor  
  106  9:27  Overseer  
  106  9:30  Overlord x2  
  106  9:47  Overlord  
  106  9:50  Zergling x14  
  106  9:51  Zergling x12  
  115  9:52  Baneling  
  115  9:53  Baneling x3  
  115  10:01  Zergling x2  
  115  10:02  Zergling x4  
  115  10:05  Spine Crawler  
  117  10:07  Zergling x8  
  117  10:10  Spine Crawler, Baneling x2  
  117  10:11  Baneling x2  
  117  10:15  Baneling x6  
  117  10:16  Baneling x2  
Show
View Real Time Build Order
Export as new Build Order

DJHelium Terran - Winner!

Build Orders: Reaper Expand, Mech 

Get SALT Encoding   

  12  0:00  SCV  
  13  0:12  SCV  
  14  0:17  Supply Depot  
  14  0:25  SCV  
  15  0:38  SCV  
  15  0:41  Barracks  
  16  0:44  Refinery  
  16  0:50  SCV  
  17  1:04  SCV  
  18  1:16  SCV  
  19  1:29  Reaper, Orbital Command  
  20  1:44  Command Center  
  20  1:56  Supply Depot, SCV  
  21  2:02  Barracks Reactor  
  21  2:08  SCV  
  21  2:09  Refinery  
  22  2:20  SCV  
  23  2:23  Factory  
  23  2:33  SCV  
  24  2:41  Marine x2  
  26  2:45  SCV  
  27  2:53  Factory  
  27  2:56  Orbital Command  
  27  2:57  SCV  
  28  3:13  SCV  
  28  3:14  Barracks Tech Lab  
  28  3:18  Hellion x2  
  33  3:20  Supply Depot  
  33  3:29  SCV x2  
  35  3:34  Supply Depot  
  35  3:39  Hellion  
  35  3:40  Hellion  
  39  3:47  Hellion  
  39  3:48  Infernal Pre-Igniter  
  41  3:49  SCV  
  41  3:54  SCV  
  42  4:01  SCV  
  43  4:05  Supply Depot  
  43  4:06  SCV  
  44  4:11  Hellion x2  
  44  4:12  Supply Depot  
  48  4:19  Supply Depot  
  48  4:20  SCV x2  
  50  4:25  Hellion  
  52  4:32  Hellion, SCV x2  
  52  4:33  Hellion  
  58  4:44  SCV x2  
  60  4:52  Hellion  
  62  4:54  Hellion x2  
  62  4:56  SCV  
  62  4:57  SCV  
  68  5:08  Command Center  
  68  5:09  SCV x2  
  68  5:12  Refinery  
  68  5:14  Refinery  
  70  5:17  Hellion, Siege Tank  
  70  5:18  Hellion  
  75  5:36  Armory  
  75  5:37  Armory, SCV, Engineering Bay  
  75  5:38  SCV  
  73  5:55  Widow Mine x2  
  75  5:58  Siege Tank  
  75  6:03  SCV x2  
  68  6:15  Missile Turret  
  64  6:19  Missile Turret  
  64  6:20  Missile Turret  
  64  6:21  Missile Turret x2  
  64  6:22  Orbital Command  
  62  6:27  Hellion  
  62  6:28  Hellion  
  62  6:30  Thor  
  62  6:31  Missile Turret  
  72  6:34  Terran Vehicle Weapons Level 1, Starport  
  72  6:37  Barracks Reactor  
  72  6:38  Terran Vehicle And Ship Armor Level 1  
  72  6:42  SCV  
  72  6:43  SCV  
  72  6:46  Orbital Command  
  74  6:52  Missile Turret  
  74  6:53  Hellbat x2  
  78  6:56  SCV x2  
  80  7:08  SCV x2  
  82  7:15  Factory  
  82  7:17  Factory, SCV  
  82  7:18  Factory  
  82  7:20  SCV x2  
  82  7:22  Supply Depot  
  85  7:27  Supply Depot  
  85  7:32  SCV x3  
  88  7:38  Refinery, Hellbat, Thor  
  88  7:39  Refinery, Hellbat  
  88  7:40  Viking  
  88  7:44  Viking  
  102  7:47  SCV x3  
  102  7:49  Supply Depot  
  105  7:52  Supply Depot  
  105  7:59  Supply Depot, SCV x2  
  105  8:03  SCV  
  105  8:04  Factory Tech Lab x2, Factory Reactor  
  110  8:06  Hellbat  
  110  8:07  Hellbat  
  110  8:11  SCV x2  
  114  8:15  SCV  
  114  8:18  Missile Turret  
  115  8:23  SCV  
  115  8:24  SCV  
  115  8:25  Thor  
  115  8:26  Thor  
  129  8:27  SCV  
  130  8:39  Thor  
  136  8:45  Supply Depot  
  136  8:46  Supply Depot  
  136  8:48  Supply Depot  
  136  8:50  Supply Depot  
  136  8:53  Hellbat  
  136  8:54  Hellbat  
  140  9:07  Hellbat x2  
  140  9:08  Siege Tank  
  140  9:09  Siege Tank  
  150  9:11  Supply Depot  
  150  9:13  Supply Depot  
  150  9:15  Viking x2  
  154  9:17  Supply Depot  
  154  9:27  Siege Tank  
  154  9:28  Hellbat  
  159  9:38  Command Center, Liberator  
  159  9:39  Liberator  
  159  9:40  Siege Tank  
  159  9:41  Siege Tank  
  164  9:53  Hellbat x4  
  178  10:04  Missile Turret  
  178  10:05  Missile Turret  
  178  10:06  Missile Turret  
  178  10:12  Missile Turret x2  
  176  10:16  Hellbat x2  
  176  10:17  Hellbat  
Tags
 
Add a new tag
Caveats
  • Supply blocks, unpowered buildings, or Contaminate may cause inaccurate times.
  • Supply counts are checked every 10 seconds.